Map: Jagannatha LE

Players

Lambo - Winner!

  • Race: Zerg Zerg
  • League: Grandmaster

GunGFuBanDa

  • Race: Protoss Protoss
  • League: Grandmaster

Event: DreamHack SC2 Masters 2021 Summer

VOD

Have the link to the VOD?

Description

Time

  • Played on: June 3, 2021, 11:29 a.m.
  • Length: 13:55

All games in this series

Show
View Real Time Build Order
Export as new Build Order

Lambo Zerg - Winner!

Build Orders: Hatch First, Lurkers, Roach Hydra 

Get SALT Encoding   

  12  0:00  Drone  
  13  0:12  Overlord  
  13  0:17  Drone  
  14  0:30  Drone x2  
  16  0:45  Drone  
  17  0:52  Hatchery  
  17  0:55  Drone  
  17  0:58  Drone  
  18  1:10  Extractor  
  17  1:14  Spawning Pool  
  17  1:17  Drone  
  17  1:22  Drone  
  18  1:29  Drone  
  19  1:39  Drone  
  20  1:53  Overlord  
  20  2:00  Queen  
  22  2:03  Queen  
  22  2:04  Drone  
  22  2:05  Zergling x2  
  26  2:12  Metabolic Boost  
  26  2:13  Zergling x2  
  26  2:15  Drone  
  28  2:21  Drone  
  29  2:25  Drone  
  30  2:37  Hatchery  
  30  2:39  Drone  
  30  2:43  Drone  
  31  2:47  Drone  
  31  2:50  Overlord  
  32  2:56  Queen  
  34  3:01  Drone  
  34  3:04  Drone  
  36  3:09  Queen  
  36  3:11  Overlord  
  38  3:14  Drone x2  
  38  3:16  Drone  
  38  3:19  Drone  
  42  3:24  Drone  
  42  3:25  Overlord  
  43  3:35  Drone  
  43  3:38  Overlord  
  44  3:43  Queen  
  44  3:45  Drone x2  
  44  3:46  Drone x2  
  50  3:49  Drone x2  
  50  3:51  Zergling x2  
  50  3:52  Zergling x2  
  54  3:56  Drone  
  54  3:59  Drone  
  54  4:01  Queen  
  54  4:02  Drone  
  59  4:05  Zergling x2  
  59  4:06  Zergling x2  
  59  4:08  Drone x2  
  63  4:11  Drone  
  63  4:12  Drone  
  63  4:16  Drone  
  65  4:22  Roach Warren  
  65  4:23  Extractor x2, Overlord  
  63  4:24  Drone  
  63  4:27  Overlord  
  63  4:30  Drone x2  
  65  4:32  Lair  
  65  4:33  Drone  
  65  4:37  Overlord  
  66  4:43  Drone x5  
  71  4:48  Drone x3  
  73  4:53  Drone x3  
  73  4:59  Drone  
  77  5:00  Extractor  
  77  5:02  Extractor, Roach  
  77  5:03  Extractor  
  77  5:04  Roach  
  77  5:06  Hatchery, Drone x2  
  79  5:09  Roach  
  79  5:12  Drone x2  
  83  5:16  Drone x3  
  83  5:19  Drone  
  85  5:23  Drone x2  
  86  5:29  Drone x3  
  86  5:34  Overlord x2  
  89  5:37  Glial Reconstitution  
  89  5:38  Evolution Chamber  
  89  5:39  Drone  
  89  5:41  Overseer  
  89  5:52  Overlord  
  89  5:56  Roach x2  
  93  5:57  Ravager x2, Infestation Pit  
  93  5:59  Drone x8  
  93  6:00  Zergling x2  
  93  6:03  Drone x2  
  105  6:05  Zerg Missile Weapons Level 1  
  105  6:14  Overseer  
  105  6:15  Overseer  
  105  6:17  Pneumatized Carapace  
  105  6:18  Queen  
  105  6:20  Roach x4  
  105  6:21  Overseer  
  105  6:25  Drone x4  
  118  6:31  Overlord  
  118  6:32  Overlord  
  118  6:36  Overlord  
  118  6:38  Overlord  
  118  6:39  Overlord  
  118  6:41  Overlord  
  118  6:42  Drone  
  118  6:44  Overlord  
  118  6:45  Extractor, Hydralisk Den, Overlord  
  118  6:46  Extractor  
  116  6:48  Hive  
  116  6:49  Drone x3  
  116  6:50  Drone  
  116  6:51  Drone  
  116  6:52  Drone  
  116  6:54  Drone x2  
  124  6:56  Drone x2  
  124  6:57  Drone  
  127  7:05  Drone, Evolution Chamber  
  127  7:06  Roach x5  
  137  7:22  Muscular Augments  
  137  7:23  Lurker Den, Roach x8  
  137  7:26  Overlord  
  137  7:29  Zergling x14  
  159  7:30  Ravager x2  
  159  7:35  Spore Crawler  
  159  7:40  Drone x6  
  160  7:45  Drone x2  
  160  7:46  Drone, Zerg Ground Armor Level 1  
  160  7:48  Hydralisk x2  
  160  7:50  Overseer  
  167  7:59  Hydralisk x4  
  174  8:11  Hatchery  
  173  8:17  Hydralisk x4  
  180  8:24  Overlord  
  178  8:32  Drone x2  
  178  8:33  Drone x3, Grooved Spines  
  183  8:37  Spine Crawler  
  183  8:38  Spine Crawler  
  181  8:43  Seismic Spines  
  181  8:46  Lurker x8  
  181  8:48  Overlord  
  189  8:59  Overlord  
  189  9:00  Spine Crawler, Spore Crawler  
  189  9:01  Spore Crawler  
  189  9:02  Spine Crawler, Spore Crawler  
  184  9:04  Drone, Zerg Missile Weapons Level 2  
  184  9:05  Extractor, Spine Crawler  
  184  9:07  Extractor  
  182  9:12  Drone x3  
  182  9:13  Drone x3  
  182  9:16  Hydralisk x4  
  190  9:18  Lurker x2  
  198  9:28  Overlord  
  198  9:34  Hydralisk  
  199  9:41  Adaptive Talons  
  195  9:53  Hydralisk x4  
  195  9:56  Hydralisk  
  195  9:59  Hydralisk x10  
  176  10:02  Hydralisk x4  
  176  10:03  Roach  
  191  10:08  Hydralisk x5, Zergling x2  
  191  10:12  Zergling x12  
  193  10:23  Hydralisk x3  
  191  10:28  Overlord  
  191  10:30  Overseer  
  191  10:31  Zerg Ground Armor Level 2  
  191  10:33  Zergling x2  
  191  10:34  Zergling x14  
  188  10:38  Drone x8  
  196  10:44  Lurker x3  
  199  10:59  Spine Crawler  
  199  11:00  Spine Crawler  
  199  11:01  Spine Crawler  
  196  11:08  Hatchery  
  195  11:13  Lurker x2  
  192  11:28  Overseer  
  192  11:30  Overlord  
  192  11:33  Roach x3  
  189  12:00  Spire  
  182  12:04  Hydralisk, Lurker  
  182  12:05  Hydralisk x7  
  182  12:06  Hatchery  
  198  12:12  Hatchery  
  197  12:21  Drone x2  
  197  12:22  Drone  
  200  12:23  Spine Crawler  
  200  12:24  Spine Crawler  
  193  12:31  Spine Crawler  
  193  12:32  Hydralisk x3  
  193  12:33  Spine Crawler  
  188  12:38  Hydralisk x8  
  188  12:41  Hydralisk  
  196  12:45  Hydralisk x2  
  196  12:47  Overseer  
  196  12:50  Hydralisk  
  198  12:53  Hydralisk  
  194  13:00  Hydralisk x2  
  195  13:06  Hydralisk x3  
  195  13:07  Hydralisk x2  
  195  13:11  Hydralisk x4  
  189  13:14  Hydralisk  
  189  13:19  Hydralisk  
  191  13:20  Hydralisk  
Show
View Real Time Build Order
Export as new Build Order

GunGFuBanDa Protoss 

Build Orders: 1 Gate Expand, Zealot Archon 

Get SALT Encoding   

  12  0:00  Probe  
  13  0:12  Probe  
  14  0:17  Pylon  
  14  0:24  Probe (Chrono Boost)  
  16  0:36  Probe (Chrono Boost)  
  16  0:38  Gateway  
  16  0:43  Probe (Chrono Boost)  
  17  0:50  Assimilator  
  17  0:52  Probe  
  18  1:04  Probe  
  19  1:16  Probe  
  20  1:25  Nexus  
  20  1:35  Cybernetics Core  
  20  1:38  Probe (Chrono Boost)  
  22  1:47  Probe (Chrono Boost), Assimilator  
  22  1:52  Pylon  
  22  1:54  Probe  
  23  2:08  Stalker (Chrono Boost)  
  23  2:10  Probe  
  26  2:17  Warp Gate (Chrono Boost)  
  26  2:22  Probe  
  27  2:31  Adept  
  30  2:37  Probe (Chrono Boost)  
  30  2:38  Probe (Chrono Boost)  
  31  2:47  Probe (Chrono Boost)  
  31  2:49  Probe (Chrono Boost)  
  33  2:52  Probe (Chrono Boost)  
  34  2:58  Probe  
  34  3:00  Gateway  
  34  3:02  Adept  
  34  3:04  Probe  
  38  3:07  Gateway  
  38  3:11  Probe  
  39  3:16  Probe  
  40  3:23  Probe  
  41  3:27  Pylon  
  41  3:28  Probe  
  42  3:35  Probe  
  42  3:40  Probe, Pylon  
  44  3:47  Probe  
  45  3:52  Nexus  
  45  3:57  Twilight Council  
  45  3:58  Adept  
  45  3:59  Adept  
  45  4:02  Adept  
  51  4:04  Shield Battery  
  51  4:08  Probe x2  
  53  4:10  Pylon  
  53  4:20  Probe, Sentry  
  53  4:21  Sentry  
  53  4:22  Sentry  
  60  4:24  Probe  
  60  4:26  Assimilator  
  60  4:28  Assimilator  
  61  4:32  Probe  
  61  4:36  Probe, Pylon  
  63  4:38  Dark Shrine  
  63  4:41  Robotics Facility  
  63  4:44  Probe  
  64  4:48  Probe (Chrono Boost)  
  65  4:55  Charge, Forge  
  67  5:00  Probe (Chrono Boost)  
  67  5:02  Probe (Chrono Boost)  
  67  5:06  Probe (Chrono Boost)  
  68  5:09  Probe (Chrono Boost)  
  68  5:13  Probe x2 (Chrono Boost)  
  71  5:16  Probe (Chrono Boost)  
  71  5:20  Probe (Chrono Boost)  
  71  5:21  Probe (Chrono Boost)  
  74  5:27  Probe (Chrono Boost)  
  75  5:30  Immortal (Chrono Boost)  
  75  5:32  Probe (Chrono Boost)  
  75  5:33  Protoss Ground Weapons Level 1  
  78  5:36  Probe x2 (Chrono Boost)  
  78  5:40  Probe (Chrono Boost)  
  78  5:42  Probe (Chrono Boost), Gateway  
  81  5:43  Gateway  
  81  5:44  Probe (Chrono Boost)  
  81  5:46  Pylon  
  81  5:47  Probe  
  81  5:49  Probe  
  82  5:51  Shield Battery  
  82  5:54  Probe  
  82  5:55  Dark Templar  
  82  5:56  Dark Templar  
  88  5:59  Probe  
  88  6:02  Robotics Bay  
  88  6:03  Immortal (Chrono Boost)  
  89  6:09  Probe x2  
  95  6:14  Zealot  
  95  6:18  Gateway  
  97  6:19  Assimilator  
  97  6:20  Gateway, Assimilator  
  97  6:28  Stalker  
  97  6:32  Pylon  
  99  6:35  Pylon  
  99  6:36  Pylon x2  
  99  6:37  Observer (Chrono Boost)  
  100  6:42  Pylon  
  100  6:45  Pylon  
  100  6:47  Gateway  
  100  6:49  Gateway  
  100  6:56  Warp Prism (Chrono Boost), Dark Templar  
  100  6:57  Zealot x3, Dark Templar  
  112  7:03  Archon  
  112  7:07  Pylon  
  112  7:15  Probe  
  113  7:16  Nexus  
  113  7:17  Probe x2  
  115  7:27  Probe  
  115  7:28  Disruptor (Chrono Boost)  
  115  7:29  Probe  
  121  7:30  Probe  
  121  7:31  Templar Archives  
  121  7:39  Probe  
  121  7:41  Probe  
  121  7:42  Probe  
  121  7:43  Photon Cannon  
  120  7:45  Photon Cannon  
  120  7:46  Shield Battery  
  121  7:51  Probe  
  121  7:53  Probe  
  121  7:54  Probe  
  121  7:55  Shield Battery  
  121  7:56  Pylon  
  121  7:57  Protoss Ground Weapons Level 2 (Chrono Boost), Psionic Storm  
  123  7:59  Disruptor  
  123  8:00  Pylon, Stalker x2  
  123  8:01  Stalker  
  123  8:03  Probe  
  123  8:04  Photon Cannon  
  133  8:25  Probe  
  134  8:28  High Templar  
  134  8:29  High Templar x3  
  140  8:39  Probe  
  140  8:40  Stargate  
  141  8:42  Assimilator x2  
  141  8:44  Pylon  
  139  8:49  Gateway  
  139  8:54  Zealot x5  
  149  8:57  Photon Cannon  
  149  8:58  Photon Cannon  
  149  8:59  Blink (Chrono Boost)  
  149  9:00  Shield Battery  
  149  9:11  Gateway  
  149  9:13  Gateway  
  149  9:14  Protoss Air Weapons Level 1 (Chrono Boost)  
  149  9:17  Photon Cannon  
  149  9:21  Zealot x4  
  149  9:22  Zealot x4  
  165  9:32  Stargate  
  165  9:33  Fleet Beacon  
  163  9:39  Zealot  
  163  9:46  Zealot x9  
  167  10:00  Immortal  
  139  10:14  Zealot x7  
  139  10:15  Zealot x2  
  148  10:22  Carrier x2 (Chrono Boost)  
  154  10:29  Zealot x3  
  134  10:36  High Templar  
  134  10:37  High Templar x4  
  134  10:40  Observer (Chrono Boost)  
  145  10:58  Immortal (Chrono Boost)  
  149  11:06  Nexus  
  149  11:07  High Templar x2  
  149  11:08  High Templar x2, Pylon  
  149  11:11  Photon Cannon  
  157  11:12  Archon x2  
  157  11:18  Carrier (Chrono Boost)  
  162  11:30  Zealot  
  161  11:40  Pylon  
  161  11:42  Pylon  
  161  11:43  Pylon  
  161  11:45  Zealot x5  
  161  11:46  Pylon  
  165  11:52  Carrier (Chrono Boost)  
  165  11:53  Nexus  
  165  11:55  Probe  
  165  11:56  Pylon  
  151  12:03  Zealot  
  151  12:08  Gateway  
  149  12:14  High Templar x3  
  155  12:23  Zealot x4  
  153  12:39  Carrier  
  152  12:52  Zealot x7  
  152  12:57  Archon  
  121  13:25  Zealot  
  121  13:26  Zealot x6  
Tags
 
Add a new tag
Caveats
  • Supply blocks, unpowered buildings, or Contaminate may cause inaccurate times.
  • Supply counts are checked every 10 seconds.